 Dungeon Crawl Stone Soup version 0.14.0-17-gc0b17a5 (webtiles) character file.

7027 Infinimo the Severer (level 10, -2/83 HPs)
             Began as a Minotaur Berserker on Apr 18, 2014.
             Was a High Priest of Trog.
             Slain by a hellwing (10 damage)
             ... summoned by a kobold demonologist
             ... on Level 10 of the Dungeon.
             The game lasted 00:24:44 (9438 turns).

Infinimo the Severer (Minotaur Berserker)           Turns: 9438, Time: 00:24:44

HP  -2/83        AC 19     Str 22      XL: 10   Next: 68%
MP   1/1         EV  6     Int  7      God: Trog [*****.]
Gold 542         SH  0     Dex 10      Spells:  0 memorised,  9 levels left

rFire  . . .     SeeInvis .     D - +0,+9 battleaxe (antimagic) (curse)
rCold  . . .     Clarity  +     n - +1 plate armour
rNeg   . . .     Conserve .     (no shield)
rPois  .         rCorr    .     q - +1 hat
rElec  .         rRot     .     (no cloak)
SustAb . .       Spirit   .     M - +0 pair of gloves
rMut   .         Warding  .     l - +0 pair of boots
Saprov . . .     Stasis   .     e - amulet of clarity
MR     +....                    (no ring)
                                b - cursed ring of protection from magic

@: somewhat resistant to hostile enchantments, extremely unstealthy
A: retaliatory headbutt, horns 2
a: Burn Spellbooks, Berserk, Trog's Hand, Brothers in Arms, Renounce Religion


You were on level 10 of the Dungeon.
You worshipped Trog.
Trog was extremely pleased with you.
You were near starving.

You visited 1 branch of the dungeon, and saw 11 of its levels.
You also visited: Ossuary.

You collected 542 gold pieces.

Inventory:

Hand weapons
 D - a cursed +0,+9 anti-magic battleaxe (weapon)
Armour
 l - a +0 pair of boots (worn)
 n - a +1 plate armour (worn)
 q - a +1 hat (worn)
 M - a +0 pair of gloves (worn)
Magical devices
 B - a wand of teleportation (3)
Comestibles
 c - 4 bread rations
 k - 5 meat rations
 m - 3 pears
 s - 3 chokos
 t - a rambutan
 u - 6 royal jellies
 w - 4 apples
Scrolls
 d - a scroll of fog
 g - 2 scrolls of blinking
 h - 2 scrolls of fear
 i - 4 scrolls of enchant weapon I
 j - 8 scrolls of remove curse
 v - 5 scrolls of teleportation
 H - a scroll of enchant weapon II
Jewellery
 b - a cursed ring of protection from magic (left hand)
 e - an amulet of clarity (around neck)
 f - an uncursed ring of wizardry
 A - a cursed ring of hunger {unknown}
Potions
 a - a potion of mutation {unknown}
 o - 6 potions of curing
 x - a potion of confusion {unknown}
 z - 2 potions of heal wounds
 C - a potion of flight {unknown}
 G - a potion of restore abilities
 I - a potion of might {unknown}
 J - a potion of degeneration {unknown}


   Skills:
 + Level 5.9 Fighting
 * Level 15.6 Axes
 - Level 10.0 Armour
 - Level 2.1 Dodging


You had 9 spell levels left.
You didn't know any spells.

Dungeon Overview and Level Annotations

Branches:
Dungeon (11/15)            Temple (0/1) D:4            Lair (0/8) D:9
    Orc: D:9-12

Altars:
Cheibriados
Dithmenos
Elyvilon
Kikubaaqudgha
Makhleb
Nemelex Xobeh
Sif Muna
Vehumet

Shops:
D:6 (


Innate Abilities, Weirdness & Mutations

You reflexively headbutt those who attack you in melee.
You have a pair of horns on your head.


Message History

You kill the blue devil!
The shadow imp's magic leaks into the air.
The shadow imp is almost dead.
The kobold demonologist casts a spell.
The shadow imp hits you.
* * * LOW HITPOINT WARNING * * *
You kill the shadow imp!
The kobold demonologist looks braver.
The hellwing's magic leaks into the air.
The hellwing is lightly wounded.
The hellwing hits you!
* * * LOW HITPOINT WARNING * * *
The hellwing is lightly wounded.
You furiously retaliate!
You headbutt the hellwing, but do no damage.
The hellwing is lightly wounded.
Your attacks no longer feel as feeble.
The iron devil screeches!
The hellwing hits you!
You die...

###########
#K4@......# ####
###4#######.# #...
#.....# #.# #.##
#.....#####.# ####.##
#........##.# #......
#.....##.##.####.##.#.
#.....#.#.............
#.#.####.##.###.###.#.
#.#.# ####.# #.# #.##


You could see a hellwing, an iron devil and a kobold demonologist.

Vanquished Creatures
  An orange demon (D:10)
  Grinder (D:5)
  A troll (D:10)
  A blue devil (D:10)
  A deep elf mage (D:8)
  Eustachio (D:9)
  7 yaks (D:10)
  A hungry ghost (D:10)
  3 ugly things
  A soldier ant (D:10)
  3 wargs (D:9)
  A manticore zombie (D:10)
  2 ice beasts (D:10)
  2 black bears (D:7)
  A phantom (D:4)
  3 centaurs
  4 ogres
  2 elf zombies (Ossuary)
  3 wights (D:6)
  A yak skeleton (D:7)
  2 orc warriors
  3 killer bees (D:10)
  2 big kobolds
  5 crimson imps
  2 centaur zombies (Ossuary)
  2 quasits
  7 orc priests
  5 goliath beetles
  9 hounds
  2 iron imps
  7 jellies
  2 human zombies
  2 human skeletons (D:8)
  2 iguanas
  7 orc wizards
  4 worker ants
  Ijyb (D:2)
  A sky beast zombie (D:5)
  3 big kobold zombies (Ossuary)
  An ogre skeleton (D:5)
  A hound skeleton (D:4)
  2 mummies (Ossuary)
  A scorpion zombie (D:9)
  12 adders
  A shadow imp (D:10)
  A white imp (D:9)
  A goliath beetle zombie (D:5)
  An inept feature mimic (D:2)
  5 worms
  2 ufetubi (D:9)
  An iguana zombie (D:9)
  An adder skeleton (D:6)
  3 giant eyeballs
  7 giant geckos
  8 oozes
  39 orcs
  15 bats
  A bat zombie (D:5)
  2 giant mites
  10 goblins
  9 hobgoblins
  14 jackals
  5 quokkas
  A ball python (D:2)
  5 giant cockroaches
  6 giant newts
  A goblin skeleton (D:5)
  2 goblin zombies (Ossuary)
  A hobgoblin skeleton (D:5)
  10 hobgoblin zombies (Ossuary)
  28 kobolds
  11 kobold zombies (Ossuary)
  5 orc skeletons
  6 orc zombies
  15 rats
  2 rat zombies
344 creatures vanquished.

Vanquished Creatures (others)
  A plant (D:11)
1 creature vanquished.

Grand Total: 345 creatures vanquished

Notes
Turn   | Place    | Note
--------------------------------------------------------------
     0 | D:1      | Infinimo, the Minotaur Berserker, began the quest for the Orb.
     0 | D:1      | Reached XP level 1. HP: 19/19 MP: 1/1
   118 | D:1      | Reached skill level 4 in Axes
   256 | D:1      | Reached XP level 2. HP: 23/26 MP: 1/1
   568 | D:1      | Acquired Trog's second power
   748 | D:1      | Reached XP level 3. HP: 8/31 MP: 2/2
  1073 | D:2      | Noticed Ijyb
  1096 | D:2      | Killed Ijyb
  1096 | D:2      | Reached skill level 5 in Axes
  1599 | D:2      | Reached XP level 4. HP: 20/39 MP: 2/2
  2669 | D:3      | Reached skill level 6 in Axes
  2756 | D:3      | Reached XP level 5. HP: 45/45 MP: 2/2
  3586 | D:4      | Reached skill level 7 in Axes
  3586 | D:4      | Reached XP level 6. HP: 45/51 MP: 3/3
  3587 | D:4      | Acquired Trog's third power
  3691 | D:4      | Noticed an ogre
  3703 | D:4      | Reached skill level 5 in Armour
  3705 | D:4      | Killed an ogre
  3705 | D:4      | Reached skill level 8 in Axes
  3860 | D:4      | Found a staircase to the Ecumenical Temple.
  3887 | D:4      | Noticed a phantom
  3893 | D:4      | Reached XP level 7. HP: 31/57 MP: 3/3
  3908 | D:4      | Killed a phantom
  3949 | D:4      | Found a sparkling altar of Nemelex Xobeh.
  4106 | D:5      | Entered Level 5 of the Dungeon
  4298 | D:5      | Reached skill level 9 in Axes
  4843 | D:5      | Noticed Grinder
  4861 | D:5      | Killed Grinder
  4861 | D:5      | Reached skill level 10 in Axes
  4861 | D:5      | Reached XP level 8. HP: 64/64 MP: 3/3
  5072 | D:6      | Found Lipof's Weapon Emporium.
  5157 | D:6      | Found a burning altar of Makhleb.
  5880 | D:7      | Reached skill level 11 in Axes
  6019 | D:7      | Paralysed by a giant eyeball for 2 turns
  6036 | D:7      | Got a dazzling hand axe
  6037 | D:7      | Identified the +6,+9 hand axe "Vyimyxke" {drain, rElec rPois} (You found it on level 7 of the Dungeon)
  6436 | D:8      | Reached XP level 9. HP: 56/70 MP: 4/4
  6502 | D:8      | Reached skill level 12 in Axes
  6507 | D:8      | Found a shadowy altar of Dithmenos.
  6508 | D:8      | Found a deep blue altar of Sif Muna.
  6541 | D:8      | Found a white marble altar of Elyvilon.
  6542 | D:8      | Found an ancient bone altar of Kikubaaqudgha.
  6542 | D:8      | Found a snail-covered altar of Cheibriados.
  6588 | D:8      | Noticed a deep elf mage
  6596 | D:8      | Killed a deep elf mage
  6596 | D:8      | Received a gift from Trog
  6654 | D:8      | Found a sand-covered staircase.
  6671 | Ossuary  | Entered an ossuary
  7028 | D:8      | Reached skill level 13 in Axes
  7303 | D:9      | Found a staircase to the Lair.
  7320 | D:9      | HP: 4/105 [orc priest/divine providence (11)]
  7446 | D:9      | Found a radiant altar of Vehumet.
  7624 | D:9      | Noticed Eustachio
  7647 | D:9      | Killed Eustachio
  7859 | D:9      | Reached skill level 14 in Axes
  8126 | D:10     | Entered Level 10 of the Dungeon
  8191 | D:10     | Reached XP level 10. HP: 72/77 MP: 1/4
  8604 | D:10     | Reached skill level 10 in Armour
  9018 | D:10     | Reached skill level 5 in Fighting
  9018 | D:10     | Reached skill level 15 in Axes
  9386 | D:11     | Noticed a sixfirhy
  9387 | D:11     | Noticed a cyclops
  9438 | D:10     | Slain by a hellwing

Action                   |  1- 3 |  4- 6 |  7- 9 | 10-12 || total
-------------------------+-------+-------+-------+-------++-------
Melee: Hand axe          |    89 |   203 |   158 |       ||   450
       War axe           |       |       |    96 |       ||    96
       Battleaxe         |       |       |   211 |   143 ||   354
Invok: Berserk           |     1 |     2 |     3 |       ||     6
Evoke: Wand              |       |       |     2 |     2 ||     4
  Use: Potion            |     2 |       |     2 |     4 ||     8
       Scroll            |       |     8 |    16 |     2 ||    26
